 Dungeon Crawl Stone Soup version 0.29.0-4-gdea44cf6ec (webtiles) character file.

Game seed: 13961327516313234574

149 qw the Chopper (level 5, -4/32 HPs)
             Began as a Gargoyle Berserker on Sept 6, 2022.
             Was a Believer of Trog.
             Slain by Sigmund
             ... wielding a +2 vampiric scythe
              (8 damage)
             ... on level 3 of the Dungeon.
             The game lasted 00:01:13 (2925 turns).

qw the Chopper (Gargoyle Berserker)                 Turns: 2925, Time: 00:01:13

Health: -4/32      AC: 15    Str: 22      XL:     5   Next: 31%
Magic:  5/5        EV:  6    Int:  7 (8)  God:    Trog [**....]
Gold:   149        SH:  0    Dex:  7 (9)  Spells: 4/4 levels left

rFire   . . .      SeeInvis .   Y - +0 hand axe
rCold   . . .      Faith    .   (no shield)
rNeg    + . .      Spirit   .   c - +0 plate armour
rPois   inf        Reflect  .   (no helmet)
rElec   +          Harm     .   (no cloak)
rCorr   .          Rampage  .   (no gloves)
Will    .....                   (no boots)
Stlth   ..........              (no amulet)
HPRegen 0.10/turn               (no ring)
MPRegen 0.09/turn               (no ring)

@: no status effects
A: sickness immunity, AC +4, negative energy resistance 1, electricity
resistance, torment resistance 1, petrification resistance
a: Renounce Religion, Berserk, Trog's Hand


You were on level 3 of the Dungeon.
You worshipped Trog.
Trog was pleased with you.
You visited 1 branch of the dungeon, and saw 3 of its levels.

You collected 149 gold pieces.


Innate Abilities, Weirdness & Mutations

You are immune to sickness and miasma.
Your stone body is resilient. (AC +4)
You are immune to poison.
You resist negative energy. (rN+)
You are resistant to electric shocks. (rElec)
You are resistant to unholy torment.
You are immune to petrification.


   Skills:
 - Level 3.5 Fighting
 - Level 5.0 Axes
 + Level 0.7 Throwing
 - Level 2.5 Armour
 - Level 1.5 Dodging


You had 4 spell levels left.
You didn't know any spells.
Your spell library was empty.

Inventory:

Hand Weapons
 g - a +0 mace
 Y - a +0 hand axe (weapon)
Missiles
 m - 4 javelins (quivered)
Armour
 c - a +0 plate armour (worn)
Jewellery
 b - a ring of magical power
 k - a ring of fire
Scrolls
 e - a scroll of teleportation
 h - a scroll of identify
 l - a scroll of torment {unknown}
Potions
 a - a potion of lignification {unknown}
 d - a potion of might
 f - a potion of heal wounds {unknown}
 i - a potion of mutation {unknown}
 j - a potion of magic {unknown}

Dungeon Overview and Level Annotations

Branches:
Dungeon (3/15)

Altars:

Annotations:
D:3 Sigmund


Message History

Deactivating autopickup; reactivate with Ctrl-A.
You closely miss something.
You hear some strange, mumbled words.
You are confused.
You're too confused to attack without stumbling around!
There is a strange disturbance nearby!
You hear some strange, mumbled words.
Something tries to affect you, but you resist.
You're too confused to attack without stumbling around!
There is a strange disturbance nearby!
You hear some strange, mumbled words.
A magic dart appears from out of thin air!
The magic dart hits you.
You're too confused to attack without stumbling around!
There is a strange disturbance nearby!
You hear some strange, mumbled words.
A puff of flame appears from out of thin air!
The puff of flame hits you but does no damage.
You're too confused to attack without stumbling around!
There is a strange disturbance nearby!
Something completely misses you.
You're too confused to attack without stumbling around!
There is a strange disturbance nearby!
Something hits you.
You're too confused to attack without stumbling around!
There is a strange disturbance nearby!
You feel less confused.
You miss something.
You hear some strange, mumbled words.
A magic dart appears from out of thin air!
The magic dart hits you.
You closely miss something. Something hits you but does no damage.
You closely miss something. Something hits you but does no damage.
You miss something. You closely miss something.
You recover from your berserk rage.
Something hits you!
You die...

####..#..................
#.....................
#.###.....%...........
#.# #.#8###8##...##8##
#.# #.### ####...#### #.#
### ..##8...8####
#.######....##...##..#
###.##........##...# #.#
#...##.@{...# ##...###.#
#.##........# #8...8#...
.######.##.#.###.##
##...##.#. ...........#.#
# #...##.#.
.........###.. ##..##.#.
.........# #### #..##...
......)..# #....>##
.........# #..)....
.........# #######.


There were no monsters in sight!

Vanquished Creatures
  Jessica (D:2)
  4 gnolls (D:2)
  2 adders
  A worm (D:2)
  A dart slug (D:3)
  5 endoplasms
  3 giant cockroaches
  4 hobgoblins
  6 jackals
  4 kobolds
  A quokka (D:1)
  5 ball pythons
  5 bats
  7 frilled lizards
  7 goblins
  4 rats
60 creatures vanquished.

Notes
Turn   | Place    | Note
-------+----------+-------------------------------------------
     0 | D:1      | qw the Gargoyle Berserker began the quest for the Orb.
     0 | D:1      | Reached XP level 1. HP: 14/14 MP: 1/1
     0 | D:1      | 0 ||| qw: Version: 0.1-a-107-g9ff403c
     0 | D:1      | 0 ||| qw: Game counter: 6091
     0 | D:1      | 0 ||| qw: Always use a shield: true
     0 | D:1      | 0 ||| qw: Do Orc after D:15 true
     0 | D:1      | 0 ||| qw: Do second Lair branch before Depths: true
     0 | D:1      | 0 ||| qw: Lair rune preference: random
     0 | D:1      | 0 ||| qw: Plans: Normal
     0 | D:1      | 0 ||| PLANNING D:1-11
    18 | D:1      | 18 ||| INVOKING Berserk.
   187 | D:1      | Reached skill level 3 in Axes
   374 | D:1      | Reached XP level 2. HP: 19/19 MP: 2/2
   387 | D:1      | 387 ||| Stepping ~*~*~tactically~*~*~ (stealth).
   390 | D:1      | 390 ||| Stepping ~*~*~tactically~*~*~ (stealth).
   392 | D:1      | 392 ||| Stepping ~*~*~tactically~*~*~ (stealth).
   393 | D:1      | 393 ||| Stepping ~*~*~tactically~*~*~ (stealth).
   414 | D:1      | 414 ||| Stepping ~*~*~tactically~*~*~ (stealth).
   415 | D:1      | 415 ||| Stepping ~*~*~tactically~*~*~ (stealth).
   529 | D:1      | Found a faded altar of an unknown god.
   889 | D:1      | 889 ||| Stepping ~*~*~tactically~*~*~ (stealth).
   892 | D:1      | 892 ||| Stepping ~*~*~tactically~*~*~ (stealth).
   894 | D:1      | 894 ||| Stepping ~*~*~tactically~*~*~ (stealth).
   898 | D:1      | 898 ||| Stepping ~*~*~tactically~*~*~ (stealth).
   905 | D:1      | Reached XP level 3. HP: 19/23 MP: 3/3
   968 | D:1      | 968 ||| Stepping ~*~*~tactically~*~*~ (stealth).
   969 | D:1      | 969 ||| Stepping ~*~*~tactically~*~*~ (stealth).
  1194 | D:1      | 1194 ||| UPGRADING to +0 leather armour.
  1204 | D:1      | 1204 ||| DROPPING +0 animal skin.
  1205 | D:1      | 1205 ||| UPGRADING to +0 scale mail.
  1215 | D:1      | 1215 ||| DROPPING +0 leather armour.
  1216 | D:1      | 1216 ||| UPGRADING to +4 ring mail.
  1226 | D:1      | 1226 ||| DROPPING +0 scale mail.
  1227 | D:1      | 1227 ||| READING scroll labelled CYOPLU YTSI.
  1228 | D:1      | 1228 ||| READING scroll labelled GUGITHRO TOCHU.
  1231 | D:1      | 1231 ||| READING scroll labelled MUCILI HEOM.
  1232 | D:1      | 1232 ||| DRINKING 2 viscous green potions.
  1233 | D:1      | 1233 ||| DRINKING 2 brown potions.
  1234 | D:1      | 1234 ||| DRINKING 2 emerald potions.
  1235 | D:1      | 1235 ||| DROPPING potion of degeneration.
  1236 | D:1      | 1236 ||| DROPPING potion of brilliance.
  1293 | D:2      | 1293 ||| Stepping ~*~*~tactically~*~*~ (stealth).
  1397 | D:2      | 1397 ||| INVOKING Berserk.
  1403 | D:2      | Reached skill level 4 in Axes
  1692 | D:2      | Noticed Jessica
  1698 | D:2      | Killed Jessica
  1699 | D:2      | Reached XP level 4. HP: 28/28 MP: 4/4
  1942 | D:2      | Identified the +2 robe "Uwureel" {rF+ rN+ Str+2 Dex-5}
  1952 | D:2      | Reached ** piety under Trog
  1971 | D:2      | 1971 ||| DROPPING +0 club.
  2019 | D:2      | 2019 ||| Stepping ~*~*~tactically~*~*~ (hiding).
  2023 | D:2      | 2023 ||| Stepping ~*~*~tactically~*~*~ (stealth).
  2024 | D:2      | 2024 ||| Stepping ~*~*~tactically~*~*~ (stealth).
  2025 | D:2      | 2025 ||| INVOKING Berserk.
  2048 | D:2      | Reached skill level 5 in Axes
  2049 | D:2      | Reached XP level 5. HP: 19/32 MP: 5/5
  2124 | D:2      | 2124 ||| FLEEEEING.
  2125 | D:2      | 2125 ||| STAIRDANCE
  2168 | D:1      | 2168 ||| UPGRADING to +0 plate armour.
  2178 | D:1      | 2178 ||| DROPPING +4 ring mail.
  2179 | D:1      | 2179 ||| READING scroll labelled ONKOUKLU ZACOU.
  2180 | D:1      | 2180 ||| READING scroll labelled BAUZ VEPTUPEIN.
  2181 | D:1      | 2181 ||| DRINKING 2 murky amethyst potions.
  2548 | D:3      | Identified the +10 rapier of Cheese {drain, rN+ Int+4}
  2870 | D:3      | Noticed Sigmund
  2872 | D:3      | 2872 ||| INVOKING Berserk.
  2883 | D:3      | 2883 ||| DRINKING 2 potions of curing.
  2883 | D:3      | 2883 ||| (to cure confusion)
  2908 | D:3      | 2908 ||| DRINKING potion of curing.
  2908 | D:3      | 2908 ||| (to cure confusion)
  2916 | D:3      | HP: 5/32 [something/magic dart (6)]
  2921 | D:3      | HP: 4/32 [something/magic dart (1)]
  2925 | D:3      | Slain by Sigmund

Levels and vault maps discovered:
D:1:      mrwooster_arrival_statue, layout_rooms,
          hellmonk_ecumenical_altar_blasted, minivault_24
D:2:      layout_loops_ring, uniq_jessica
D:3:      layout_basic, serial_corexii_hall, corexii_hall_statues_s,
          chequers_hall_statues_y, corexii_hall_statues_x,
          chequers_hall_statues_corner_a, uniq_sigmund

Skill      XL: |  1  2  3  4 |
---------------+-------------+-----
Axes           | 3 4 5 |  5.0
Fighting       | |  3.5
Throwing       | |  0.7
Armour         | |  2.5
Dodging        | |  1.5

Action                   |  1- 3 |  4- 6 || total
-------------------------+-------+-------++-------
Melee: Hand axe          |   106 |   120 ||   226
       Punch             |     1 |     1 ||     2
Throw: Javelin           |       |     5 ||     5
Invok: Berserk           |     2 |     2 ||     4
  Use: Potion            |     3 |     3 ||     6
       Scroll            |     3 |     2 ||     5
Armor: Animal skin       |    17 |       ||    17
       Ring mail         |    19 |    37 ||    56
       Plate armour      |       |    76 ||    76
Dodge: Dodged            |    51 |    53 ||   104

Table legend:
 A = Non-vault XP
 B = Vault XP
 C = Vault XP percentage of total XP
 D = Non-vault monster count
 E = Vault monster count
 F = Vault count percentage of total count
                 A         B        C        D         E       F
            +---------+---------+-------+---------+---------+-------
      Total |     176 |      37 |  17.4 |      59 |       1 |   1.7
            +---------+---------+-------+---------+---------+-------
        D:1 |      39 |       0 |   0.0 |      24 |       0 |   0.0
        D:2 |     101 |      37 |  26.8 |      22 |       1 |   4.3
        D:3 |      36 |       0 |   0.0 |      13 |       0 |   0.0
            +---------+---------+-------+---------+---------+-------
